ITL
PORTLAND PRIVATEERS @ UTICA UNICORNS
08/04/2029
 
TOP OF THE 1ST
Portland Privateers batting - Pitching for Utica Unicorns : LHP José Mercado
Pitching: LHP José Mercado
Batting: SHB José Espinoza 0-0: Called Strike
0-1: Ball
1-1: Fly out, F3 (Popup, 3SF)
Batting: RHB Dick Slagboom 0-0: Called Strike
0-1: Ball
1-1: Ball
2-1: Ball
3-1: Swinging Strike
3-2: Foul Ball, location: 2F
3-2: SINGLE (Groundball, 56D)
Batting: LHB Carter Sweet 0-0: Ball
1-0: Called Strike
1-1: Swinging Strike
1-2: Strikes out swinging
Batting: RHB Carlos Castro 0-0: Called Strike
0-1: Hit by Pitch
Dick Slagboom to second
Batting: LHB Dillon Beck 0-0: Foul Ball, location: 2F
0-1: Ball
1-1: Called Strike
1-2: Ball
2-2: Strikes out swinging
Top of the 1st over - 0 runs, 1 hit, 0 errors, 2 left on base; Portland 0 - Utica 0
BOTTOM OF THE 1ST
Utica Unicorns batting - Pitching for Portland Privateers : RHP José García
Pitching: RHP José García
Batting: RHB Kenny Cole 0-0: Ball
1-0: SINGLE (Line Drive, 9S)
Batting: RHB Marcos Castillo 0-0: Called Strike
0-1: Called Strike
0-2: Ball
1-2: Ball
2-2: Ball
3-2: Ground out 3-1 (Groundball, 34S)
Kenny Cole to second
Batting: LHB José Román 0-0: Called Strike
0-1: Ball
1-1: DOUBLE (Line Drive, 7LM)
Kenny Cole scores
Batting: RHB Jack Bailey 0-0: Ground out 6-3 (Groundball, 6)
Batting: RHB Andrew Good 0-0: Ball
1-0: Foul Ball, location: 2F
1-1: Foul Ball, location: 2F
1-2: Ball
2-2: Foul Ball, location: 2F
2-2: SINGLE (Groundball, 6MD)
José Román to third
Runner from 3rd tries for Home, SAFE, no throw
Batting: LHB Patrick Bright 0-0: Ball
1-0: Ground out U3 (Groundball, 3L)
Bottom of the 1st over - 2 runs, 3 hits, 0 errors, 1 left on base; Portland 0 - Utica 2
TOP OF THE 2ND
Portland Privateers batting - Pitching for Utica Unicorns : LHP José Mercado
Batting: SHB Patrick Larson 0-0: Ball
1-0: Ball
2-0: Ball
3-0: Base on Balls
Batting: RHB Luis Pineda 0-0: Ball
1-0: Called Strike
1-1: Ball
2-1: Foul Ball, location: 2F
2-2: Strikes out swinging
Batting: LHB Jeff Dorney 0-0: Foul Ball, location: 2F
0-1: Ball
1-1: Ball
2-1: Fly out, F7 (Flyball, 7)
Batting: RHB Ramiro Gámez 0-0: Called Strike
0-1: Foul Ball, location: 2F
0-2: Ball
Patrick Larson is caught stealing 2nd base
Top of the 2nd over - 0 runs, 0 hits, 0 errors, 0 left on base; Portland 0 - Utica 2
BOTTOM OF THE 2ND
Utica Unicorns batting - Pitching for Portland Privateers : RHP José García
Batting: RHB Micheal Banks 0-0: Ball
1-0: Fly out, F3 (Popup, 34S)
Batting: RHB Gustavo Rodríguez 0-0: Foul Ball, location: 2F
0-1: Called Strike
0-2: Ground out 5-3 (Groundball, 56)
Batting: RHB Gabriel Stout 0-0: SINGLE (Flyball, 78S)
Pitching: LHP Jaime Ayala
Batting: RHB Kenny Cole 0-0: Ball
1-0: Called Strike
1-1: Foul Ball, location: 2F
1-2: Ball
2-2: Foul Ball, location: 2F
2-2: Foul Ball, location: 2F
2-2: Ball
3-2: Base on Balls
Gabriel Stout to second
Batting: RHB Marcos Castillo 0-0: Ball
1-0: Swinging Strike
1-1: Fly out, F9 (Flyball, 89D)
Bottom of the 2nd over - 0 runs, 1 hit, 0 errors, 2 left on base; Portland 0 - Utica 2
TOP OF THE 3RD
Portland Privateers batting - Pitching for Utica Unicorns : LHP José Mercado
Batting: RHB Ramiro Gámez 0-0: Ball
1-0: Ball
2-0: Ground out 6-3 (Groundball, 6)
Batting: SHB José Espinoza 0-0: Called Strike
0-1: Called Strike
0-2: Foul Ball, location: 2F
0-2: Ball
1-2: Ball
2-2: Strikes out swinging
Batting: RHB Dick Slagboom 0-0: Ball
1-0: Foul Ball, location: 2F
1-1: Ball
2-1: Ball
3-1: Foul Ball, location: 2F
3-2: Foul Ball, location: 2F
3-2: Fly out, F9 (Flyball, 9D)
Top of the 3rd over - 0 runs, 0 hits, 0 errors, 0 left on base; Portland 0 - Utica 2
BOTTOM OF THE 3RD
Utica Unicorns batting - Pitching for Portland Privateers : LHP Jaime Ayala
Batting: LHB José Román 0-0: Called Strike
0-1: Ball
1-1: Ball
2-1: Swinging Strike
2-2: Ground out 4-3 (Groundball, 4D)
Batting: RHB Jack Bailey 0-0: Ball
1-0: Foul Ball, location: 2F
1-1: Ball
2-1: Called Strike
2-2: Ball
3-2: Foul Ball, location: 2F
3-2: Fly out, F4 (Line Drive, 4M)
Batting: RHB Andrew Good 0-0: Foul Ball, location: 2F
0-1: Ground out 4-3 (Groundball, 4)
Bottom of the 3rd over - 0 runs, 0 hits, 0 errors, 0 left on base; Portland 0 - Utica 2
TOP OF THE 4TH
Portland Privateers batting - Pitching for Utica Unicorns : LHP José Mercado
Batting: LHB Carter Sweet 0-0: Called Strike
0-1: Ground out 4-3 (Groundball, 4)
Batting: RHB Carlos Castro 0-0: Called Strike
0-1: Ball
1-1: Called Strike
1-2: Strikes out looking
Batting: LHB Dillon Beck 0-0: Ball
1-0: Ball
2-0: SINGLE (Line Drive, 8RS)
Batting: SHB Patrick Larson 0-0: Swinging Strike
0-1: Fly out, F7 (Flyball, 78S)
Top of the 4th over - 0 runs, 1 hit, 0 errors, 1 left on base; Portland 0 - Utica 2
BOTTOM OF THE 4TH
Utica Unicorns batting - Pitching for Portland Privateers : LHP Jaime Ayala
Batting: LHB Patrick Bright 0-0: Foul Ball, location: 2F
0-1: Ball
1-1: Called Strike
1-2: SINGLE (Flyball, 8LS)
Batting: RHB Micheal Banks 0-0: Called Strike
0-1: Fly out, F8 (Flyball, 8RD)
Batting: RHB Gustavo Rodríguez 0-0: Ball
1-0: Ground out 1-3 (Groundball, 13S)
Patrick Bright to second
Batting: RHB Gabriel Stout 0-0: Foul Ball, location: 2F
0-1: Ball
1-1: Ball
2-1: Foul Ball, location: 2F
2-2: Ball
3-2: Foul Ball, location: 2F
3-2: Fly out, F7 (Flyball, 78D)
Bottom of the 4th over - 0 runs, 1 hit, 0 errors, 1 left on base; Portland 0 - Utica 2
TOP OF THE 5TH
Portland Privateers batting - Pitching for Utica Unicorns : LHP José Mercado
Batting: RHB Luis Pineda 0-0: Ball
1-0: Called Strike
1-1: Ball
2-1: Ball
3-1: Ground out 6-3 (Groundball, 6M)
Batting: LHB Jeff Dorney 0-0: Called Strike
0-1: Ball
1-1: Ball
2-1: Foul Ball, location: 2F
2-2: Strikes out swinging
Batting: RHB Ramiro Gámez 0-0: Foul Ball, location: 2F
0-1: Ball
1-1: Ball
2-1: Foul Ball, location: 2F
2-2: SINGLE (Groundball, 6MD)
Batting: SHB José Espinoza 0-0: Ball
1-0: Ball
2-0: Swinging Strike
2-1: Ball
3-1: Foul Ball, location: 2F
3-2: Foul Ball, location: 2F
3-2: Strikes out swinging
Top of the 5th over - 0 runs, 1 hit, 0 errors, 1 left on base; Portland 0 - Utica 2
BOTTOM OF THE 5TH
Utica Unicorns batting - Pitching for Portland Privateers : LHP Jaime Ayala
Batting: RHB Kenny Cole 0-0: Called Strike
0-1: SINGLE (Line Drive, 6MD)
Batting: RHB Marcos Castillo 0-0: Called Strike
0-1: Foul Ball, location: 2F
0-2: Ball
1-2: Grounds into double play, 6-4-3 (Groundball, 6)
Batting: LHB José Román 0-0: Ground out 6-3 (Groundball, 6)
Bottom of the 5th over - 0 runs, 1 hit, 0 errors, 0 left on base; Portland 0 - Utica 2
TOP OF THE 6TH
Portland Privateers batting - Pitching for Utica Unicorns : LHP José Mercado
Batting: RHB Dick Slagboom 0-0: Called Strike
0-1: SINGLE (Groundball, 6MD)
Batting: LHB Carter Sweet 0-0: Called Strike
0-1: Called Strike
0-2: Foul Ball, location: 2F
0-2: Ground out 4-3 (Groundball, 4MD)
Dick Slagboom to second
Batting: RHB Carlos Castro 0-0: Ball
1-0: Ball
2-0: Called Strike
2-1: Ground out 6-3 (Groundball, 6M)
Dick Slagboom to third
Batting: LHB Dillon Beck 0-0: Called Strike
0-1: Ball
1-1: Ground out 4-3 (Groundball, 4M)
Top of the 6th over - 0 runs, 1 hit, 0 errors, 1 left on base; Portland 0 - Utica 2
BOTTOM OF THE 6TH
Utica Unicorns batting - Pitching for Portland Privateers : LHP Jaime Ayala
Batting: RHB Jack Bailey 0-0: Called Strike
0-1: SINGLE (Line Drive, 6M)
Batting: RHB Andrew Good 0-0: Ball
1-0: Ball
2-0: Called Strike
2-1: Fielders Choice at 2nd, 3-6 (Groundball, 3)
Batting: LHB Patrick Bright 0-0: Ball
1-0: Ball
2-0: Foul Ball, location: 2F
2-1: Ball
3-1: Ground out U3 (Groundball, 34S)
Andrew Good to second
Pitching: RHP Tom Clement
Batting: RHB Micheal Banks 0-0: Ball
1-0: Swinging Strike
1-1: Ball
2-1: Fly out, F9 (Flyball, 9S)
Bottom of the 6th over - 0 runs, 1 hit, 0 errors, 1 left on base; Portland 0 - Utica 2
TOP OF THE 7TH
Portland Privateers batting - Pitching for Utica Unicorns : LHP José Mercado
Batting: SHB Patrick Larson 0-0: Foul Ball, location: 2F
0-1: Ball
1-1: Fly out, F6 (Popup, 6MS)
Batting: RHB Luis Pineda 0-0: Called Strike
0-1: Foul Ball, location: 2F
0-2: Strikes out swinging
Batting: SHB Jacob Knapp 0-0: Called Strike
0-1: SOLO HOME RUN (Flyball, 7LD), Distance : 349 ft
Batting: RHB Ramiro Gámez 0-0: Ball
1-0: Called Strike
1-1: Ball
2-1: Ball
3-1: Base on Balls
Pitching: RHP Claudio Rivera
Batting: SHB José Espinoza 0-0: Called Strike
0-1: Ball
1-1: Ball
2-1: Ball
3-1: Called Strike
3-2: Strikes out swinging
Top of the 7th over - 1 run, 1 hit, 0 errors, 1 left on base; Portland 1 - Utica 2
BOTTOM OF THE 7TH
Utica Unicorns batting - Pitching for Portland Privateers : RHP Tom Clement
Now in RF: Jacob Knapp
Batting: RHB Gustavo Rodríguez 0-0: Ground out 1-3 (Groundball, 13S)
Batting: RHB Gabriel Stout 0-0: Ground out 3-1 (Groundball, 34)
Batting: RHB Kenny Cole 0-0: Ball
1-0: Called Strike
1-1: Ground out 5-3 (Groundball, 56)
Bottom of the 7th over - 0 runs, 0 hits, 0 errors, 0 left on base; Portland 1 - Utica 2
TOP OF THE 8TH
Portland Privateers batting - Pitching for Utica Unicorns : RHP Claudio Rivera
Now at SS: Héctor Jiménez
Now in CF: Jesús Raugel
Batting: RHB Dick Slagboom 0-0: Ball
1-0: Ball
2-0: Foul Ball, location: 2F
2-1: Foul Ball, location: 2F
2-2: Ball
3-2: Foul Ball, location: 2F
3-2: Foul Ball, location: 2F
3-2: Foul Ball, location: 2F
3-2: SINGLE (Groundball, 15S) (infield hit)
Pitching: RHP Mario González
Batting: LHB Carter Sweet 0-0: Foul Ball, location: 2F
0-1: Ball
1-1: SINGLE (Flyball, 78S)
Dick Slagboom to second
Batting: RHB Carlos Castro 0-0: Foul Ball, location: 2F
0-1: Swinging Strike
0-2: Strikes out swinging
Batting: LHB Dillon Beck 0-0: Grounds into double play, 4-6-3 (Groundball, 4M)
Top of the 8th over - 0 runs, 2 hits, 0 errors, 1 left on base; Portland 1 - Utica 2
BOTTOM OF THE 8TH
Utica Unicorns batting - Pitching for Portland Privateers : RHP Tom Clement
Batting: RHB Marcos Castillo 0-0: Ball
1-0: Fly out, F8 (Line Drive, 78D)
Batting: LHB José Román 0-0: Ball
1-0: Ground out U3 (Groundball, 3L)
Batting: RHB Jack Bailey 0-0: Ball
1-0: Ball
2-0: Ground out 6-3 (Groundball, 6)
Bottom of the 8th over - 0 runs, 0 hits, 0 errors, 0 left on base; Portland 1 - Utica 2
TOP OF THE 9TH
Portland Privateers batting - Pitching for Utica Unicorns : RHP Mario González
Pitching: RHP Mike Pierce
Batting: SHB Patrick Larson 0-0: Ball
1-0: Ball
2-0: Ground out 1-3 (Groundball, 15S)
Batting: RHB Luis Pineda 0-0: Called Strike
0-1: Foul Ball, location: 2F
0-2: Strikes out swinging
Batting: SHB Jacob Knapp 0-0: Ball
1-0: Ball
2-0: Called Strike
2-1: Ground out 6-3 (Groundball, 6)
Top of the 9th over - 0 runs, 0 hits, 0 errors, 0 left on base; Portland 1 - Utica 2
Saturday, December 16th, 2017 - OOTP Baseball 18.8 Build 76